 Dungeon Sprint DCSS version 0.27-a0-385-g3208abaabc (webtiles) character file.

Game seed: 4298087024831780357

3912 mhtbhm the Severer (level 10, -3/96 HPs)
             Began as a Minotaur Fighter on Feb 20, 2021.
             Was the Champion of Trog.
             Slain by an ice dragon (12 damage)
             ... in the Dungeon (Sprint VII: "The Pits").
             The game lasted 00:01:58 (1052 turns).

mhtbhm the Severer (Minotaur Fighter)               Turns: 1052, Time: 00:01:58

Health: -3/96      AC: 16    Str: 23    XL:     10   Next: 1%
Magic:  9/9        EV: 10    Int: 11    God:    Trog [******]
Gold:   0          SH: 13    Dex: 11    Spells: 9/9 levels left

rFire    . . .     SeeInvis .   a - +8 broad axe of the Endless March {vorpal, rPois}
rCold    . . .     Faith    .   c - +0 kite shield
rNeg     . . .     Spirit   .   b - +4 chain mail
rPois    +         Reflect  .   (helmet restricted)
rElec    .         Harm     .   (no cloak)
rCorr    .         Rampage  .   (no gloves)
Will     .....     NoTele   +   (no boots)
Stlth    ..........             (no amulet)
HPRegen  0.26/turn              m - +3 ring of intelligence
MPRegen  0.11/turn              n - +3 ring of intelligence

@: no status effects
A: retaliatory headbutt, horns 2
a: Renounce Religion, Berserk, Trog's Hand, Brothers in Arms


You were in the Dungeon.
You worshipped Trog.
Trog was exalted by your worship.
You visited 1 branch

Inventory:

Hand Weapons
 a - the +8 broad axe of the Endless March (weapon) {vorpal, rPois}
   (Trog gifted it to you in the Dungeon)

   It inflicts extra damage upon your enemies.
   It protects you from poison.
 o - a +4 demon blade of flaming
Armour
 b - a +4 chain mail (worn)
 c - a +0 kite shield (worn)
Jewellery
 m - a +3 ring of intelligence (left hand)
 n - a +3 ring of intelligence (right hand)
Scrolls
 j - a scroll of blinking
 l - a scroll of summoning
Potions
 d - 2 potions of might
 e - 9 potions of curing
 f - 12 potions of heal wounds
 g - 2 potions of haste
 h - 4 potions of magic
 i - 3 potions of berserk rage
 k - 2 potions of invisibility


   Skills:
 + Level 11.5 Fighting
 + Level 16.4 Axes
 + Level 12.7 Armour
 + Level 6.7 Dodging
 + Level 1.8 Stealth
 + Level 12.2 Shields


You had 9 spell levels left.
You didn't know any spells.
Your spell library was empty.

Dungeon Overview and Level Annotations

Branches:
Dungeon (1/1)

Altars:
Ashenzari
Cheibriados
Dithmenos
Elyvilon
Fedhas
Gozag
Hepliaklqana
Kikubaaqudgha
Makhleb
Nemelex Xobeh
Okawaru
Qazlal
Ru
Sif Muna
Trog
Uskayaw
Vehumet
Wu Jian
Xom
Yredelemnul
Zin
The Shining One
Beogh
Jiyva
Lugonu


Innate Abilities, Weirdness & Mutations

You reflexively headbutt those who attack you in melee.
You have a pair of horns on your head.


Message History

The ice dragon tramples you.
You stumble backwards!
Your Axes skill increases to level 16!
Unknown command.
You slice the dream sheep!!
You kill the dream sheep!
Trog accepts your kill.
You hit the ice dragon.
You have reached level 10!
You hit the ice dragon.
The ice dragon is moderately wounded.
You block the ice dragon's attack. The ice dragon claws you.
The ice dragon tramples you!
You hold your ground!
You closely miss the ice dragon.
The ice dragon is moderately wounded.
The ice dragon breathes frost at you. The blast of cold hits you!!
You hit the ice dragon.
You headbutt the ice dragon, but do no damage.
The ice dragon is moderately wounded.
You block the ice dragon's attack. The ice dragon claws you.
You block the ice dragon's attack.
You slash the ice dragon!
You headbutt the ice dragon, but do no damage.
The ice dragon is heavily wounded.
You block the ice dragon's attack.
The ice dragon claws you but does no damage.
You block the ice dragon's attack.
You slice the ice dragon!!
The ice dragon is severely wounded.
The ice dragon breathes frost at you. The blast of cold hits you!!
* * * LOW HITPOINT WARNING * * *
You slash the ice dragon!
The ice dragon is almost dead.
You closely miss the ice dragon.
The ice dragon is almost dead.
The ice dragon bites you.
* * * LOW HITPOINT WARNING * * *
The ice dragon claws you!
You die...

#++#######
#.........
#†D†......
#@†####### #..#
#..# ####### #..#
..##..# #..#
..##..# #..#
..''..# #..#
..''.†##########).#
..##.††...........#


You could see an ice dragon (catching breath).

Vanquished Creatures
  A flayed ghost (D)
  A lindwurm (D)
  A cyclops (D)
  A black mamba (D)
  An eye of devastation (D)
  An efreet (D)
  6 dream sheep (D)
  A swamp drake (D)
  A black bear (D)
  An ogre (D)
  A wolf (D)
  3 killer bees (D)
  3 wights (D)
  A quasit (D)
  An orc priest (D)
  An iron imp (D)
  Jessica (D)
  An adder (D)
  A worm (D)
  A leopard gecko (D)
  2 orcs (D)
  A giant cockroach (D)
  A hobgoblin (D)
  10 jackals (D)
  A ball python zombie (D)
  A frilled lizard (D)
  A rat (D)
46 creatures vanquished.

Notes
Turn   | Place    | Note
-------+----------+-------------------------------------------
     0 | D        | mhtbhm the Minotaur Fighter began the quest for the Orb.
     0 | D        | Reached XP level 1. HP: 19/19 MP: 0/0
    20 | D        | Found a bloodstained altar of Trog.
    20 | D        | Found a shimmering blue altar of Sif Muna.
    20 | D        | Found a viscous altar of Jiyva.
    20 | D        | Found a hazy altar of Hepliaklqana.
    20 | D        | Found an opulent altar of Gozag.
    21 | D        | Found a glowing golden altar of the Shining One.
    21 | D        | Found a glowing silver altar of Zin.
    21 | D        | Found a basalt altar of Yredelemnul.
    21 | D        | Found a shimmering altar of Xom.
    21 | D        | Found an ornate altar of the Wu Jian Council.
    21 | D        | Found a sacrificial altar of Ru.
    21 | D        | Found a stormy altar of Qazlal.
    21 | D        | Found an iron altar of Okawaru.
    21 | D        | Found a sparkling altar of Nemelex Xobeh.
    21 | D        | Found a burning altar of Makhleb.
    21 | D        | Found a blossoming altar of Fedhas.
    21 | D        | Found a white marble altar of Elyvilon.
    21 | D        | Found a shadowy altar of Dithmenos.
    21 | D        | Found a snail-covered altar of Cheibriados.
    23 | D        | Found a radiant altar of Vehumet.
    23 | D        | Found a corrupted altar of Lugonu.
    23 | D        | Found a roughly hewn altar of Beogh.
    25 | D        | Became a worshipper of Trog the Wrathful
    70 | D        | Reached skill level 3 in Axes
    70 | D        | Reached XP level 2. HP: 18/28 MP: 1/1
   221 | D        | Reached * piety under Trog
   229 | D        | Reached ** piety under Trog
   231 | D        | Reached skill level 5 in Fighting
   246 | D        | Reached *** piety under Trog
   247 | D        | Reached skill level 4 in Axes
   247 | D        | Reached skill level 5 in Armour
   247 | D        | Reached skill level 1 in Dodging
   247 | D        | Reached skill level 5 in Shields
   247 | D        | Reached XP level 3. HP: 23/37 MP: 2/2
   252 | D        | Reached **** piety under Trog
   409 | D        | Noticed Jessica
   409 | D        | Noticed a wolf
   412 | D        | Killed a wolf
   413 | D        | Reached skill level 6 in Axes
   413 | D        | Reached XP level 4. HP: 35/45 MP: 3/3
   413 | D        | Reached XP level 5. HP: 40/51 MP: 4/4
   416 | D        | Reached skill level 7 in Axes
   416 | D        | Killed Jessica
   416 | D        | Reached ***** piety under Trog
   420 | D        | Received a gift from Trog
   423 | D        | Noticed a black bear
   435 | D        | Killed a black bear
   436 | D        | Reached skill level 8 in Axes
   436 | D        | Reached XP level 6. HP: 39/61 MP: 5/5
   438 | D        | Reached skill level 9 in Axes
   555 | D        | Noticed a cyclops
   560 | D        | Killed a cyclops
   561 | D        | Reached skill level 11 in Axes
   561 | D        | Reached skill level 5 in Dodging
   561 | D        | Reached XP level 7. HP: 50/70 MP: 6/6
   669 | D        | Received a gift from Trog
   670 | D        | Reached skill level 10 in Shields
   677 | D        | Got an encrusted broad axe {god gift}
   678 | D        | Identified the +8 broad axe of the Endless March {vorpal,
                  | rPois} (Trog gifted it to you in the Dungeon)
   749 | D        | Noticed a black mamba
   749 | D        | Noticed a flayed ghost
   753 | D        | Killed a black mamba
   754 | D        | Reached skill level 12 in Axes
   754 | D        | Reached skill level 10 in Armour
   754 | D        | Reached skill level 1 in Stealth
   754 | D        | Reached XP level 8. HP: 79/79 MP: 7/7
   759 | D        | Killed a flayed ghost
   760 | D        | Reached skill level 10 in Fighting
   760 | D        | Reached skill level 13 in Axes
   891 | D        | Found a hide-covered altar of Uskayaw.
   891 | D        | Found an ancient bone altar of Kikubaaqudgha.
   891 | D        | Found a broken altar of Ashenzari.
   922 | D        | Received a gift from Trog
   926 | D        | Reached skill level 14 in Axes
   926 | D        | Reached XP level 9. HP: 86/86 MP: 8/8
   955 | D        | Noticed a lindwurm
   955 | D        | Noticed an eye of devastation
   955 | D        | Noticed an efreet
   959 | D        | Killed an efreet
   961 | D        | Killed an eye of devastation
   963 | D        | Killed a lindwurm
   964 | D        | Reached skill level 15 in Axes
  1034 | D        | Noticed an ice dragon
  1038 | D        | Reached ****** piety under Trog
  1042 | D        | Received a gift from Trog
  1045 | D        | Reached skill level 16 in Axes
  1046 | D        | Reached XP level 10. HP: 75/96 MP: 9/9
  1052 | D        | Slain by an ice dragon

Illustrated notes

Levels and vault maps discovered:
D:        pitsprint [storerooms_1, entrance_room_1, metal_vault_3, armoury_3,
          mini_pit_1, grid_room_1, main_hall_1, silver_pit, the_coven_1,
          the_vestibule_1, steel_vault_1, golden_pit, hallway_of_sentries,
          crystal_vault_1, iron_vault_4, final_vault]

Skill      XL: |  1  2  3  4  5  6  7  8  9 |
---------------+----------------------------+-----
Fighting       | 4 5 6 8 9 10 11 | 11.5
Axes           | 3 4 6 8 11 12 14 16 | 16.4
Armour         | 4 5 6 8 9 10 11 12 | 12.7
Shields        | 4 5 6 8 9 10 11 12 | 12.2
Dodging        | 1 2 4 5 6 |  6.7
Stealth        | 1 |  1.8

Action                   |  1- 3 |  4- 6 |  7- 9 | 10-12 || total
-------------------------+-------+-------+-------+-------++-------
Melee: Hand axe          |    45 |    18 |    14 |       ||    77
       War axe           |     4 |       |       |       ||     4
       Headbutt          |     4 |     1 |     6 |     2 ||    13
       Broad axe         |       |       |    26 |     7 ||    33
Invok: Berserk           |       |     1 |     3 |       ||     4
Armor: Scale mail        |    44 |       |       |       ||    44
       Chain mail        |     1 |     9 |     7 |     1 ||    18
Dodge: Dodged            |    25 |     5 |    15 |       ||    45
Block: Kite shield       |    40 |     6 |    15 |     5 ||    66

Table legend: (Time is in decaauts)
 A = Elapsed time spent in this place.
 B = Non-inter-level travel time spent in this place.
 C = Inter-level travel time spent in this place.
 D = Time resting spent in this place.
 E = Time spent auto-exploring this place.
 F = Levels seen in this place.
 G = Mean time per level.
                   A        B        C        D        E       F      G
               +--------+--------+--------+--------+--------+-----+--------+
         Total |   1082 |   1082 |      0 |    528 |    170 |   1 | 1082.0 |
       Dungeon |   1082 |   1082 |      0 |    528 |    170 |   1 | 1082.0 |
               +--------+--------+--------+--------+--------+-----+--------+

Top non-repeatable levels by time:
       D: 1082 daAuts
